[Event "German Bundesliga 2023-24"]
[Site "Germany"]
[Date "2024.02.25"]
[Round "11.22"]
[White "Dautov, Rustem"]
[Black "Vitiugov, Nikita"]
[Result "1/2-1/2"]
[ECO "D35"]
[WhiteElo "2584"]
[BlackElo "2686"]
[Annotator "TA"]
[PlyCount "43"]
[EventDate "2023.10.20"]
[EventType "team-tourn"]
[EventCountry "GER"]
[SourceTitle "playchess.com"]
[Source "ChessBase"]
[SourceQuality "1"]
[TimeControl "40/6000+30:3000+30"]

1. d4 Nf6 2. c4 e6 3. Nf3 d5 4. Nc3 Nbd7 5. cxd5 exd5 6. Bf4 Bb4 7. e3 Ne4 8. Qc2 g5 9. Be5 Nxe5 {[%emt 0:10:58] White has an edge.} 10. Nxe5 {[%emt 0:01:02] [#] aiming for Qa4+.} Qe7 11. Bb5+ Kf8 12. O-O Bxc3 13. bxc3 f6 {[%emt 0:00:58] Dodges f4} 14. Nf3 Kg7 15. Bd3 Bf5 16. c4 c6 17. Nd2 Nxd2 18. Qxd2 Bxd3 19. Qxd3 dxc4 20. Qxc4 Rhd8 21. Rfb1 Rd5 22. a4 {[%emt 0:10:30] Weighted Error Value: White=0.05 (flawless) /Black=0.03 (flawless) .  Inaccurate:     	White=2     	---        OK:         	White=7     	Black=8      Best:        	---       	Black=1} 1/2-1/2

[Event "German Bundesliga 2023-24"]
[Site "Germany"]
[Date "2024.02.25"]
[Round "11.23"]
[White "Donchenko, Alexander"]
[Black "Kozak, Adam"]
[Result "1-0"]
[ECO "E01"]
[WhiteElo "2664"]
[BlackElo "2600"]
[Annotator "TA"]
[PlyCount "89"]
[EventDate "2023.10.20"]
[EventType "team-tourn"]
[EventCountry "GER"]
[SourceTitle "playchess.com"]
[Source "ChessBase"]
[SourceQuality "1"]
[TimeControl "40/6000+30:3000+30"]

1. d4 Nf6 2. c4 e6 3. Nf3 d5 4. g3 Bb4+ 5. Bd2 Bd6 6. Bg2 O-O 7. O-O c6 8. Nc3 Nbd7 9. b3 h6 10. Qc2 dxc4 11. bxc4 e5 {[%emt 0:00:07] White is slightly better.} 12. e3 Re8 13. Rad1 Qe7 14. Bc1 Nf8 15. dxe5 Bxe5 16. Bb2 {[%emt 0:00:08] Strongly threatening Nxe5.} Ng6 17. h3 Bc7 18. Ne2 Ne5 19. Nxe5 Bxe5 20. Nd4 Bd7 21. Rfe1 c5 22. Nb5 Bxb5 23. Bxe5 Qxe5 24. cxb5 Qc7 25. e4 Rad8 26. Rxd8 Rxd8 27. e5 Nh7 28. e6 {[%emt 0:02:51] White is much more active. Black is weak on the light squares} fxe6 29. Rxe6 Nf6 30. Qe2 Kf7 {[%emt 0:02:30] Prevents Re7+} 31. Re3 b6 32. Bc6 {[%emt 0:02:27] Prevents Qd7.} Qd6 33. Kg2 Kf8 34. Re6 Qc7 35. a4 Kf7 36. Re3 Kf8 37. Qc2 a5 {[%emt 0:00:28] [#]} 38. Qf5 $1 Kg8 (38... Qd6 $16 39. Re6 Qd4) 39. Re6 $18 Rf8 40. Bf3 {[%emt 0:01:56][%cal Bc6f3,Bf3d5,Bd5g8][%mdl 32] aiming for Rc6.} Nh7 {[%emt 0:00:30] [#]} (40... Kh8 $142 41. Be4 Kg8) 41. Bd5 $1 Kh8 42. Qg6 $40 {[%emt 0:04:30][%mdl 128] White is out for blood.} Nf6 {[%emt 0:03:57] [#] Against Re8} (42... Qd7 $18 43. Rd6 Qe7) 43. Rxf6 $1 {[%emt 0:00:36][%mdl 512] White mates.} Rxf6 (43... Qe7 44. Rxf8+) 44. Qe8+ Kh7 45. Bg8+ {[%emt 0:00:06][%mdl 32768] Weighted Error Value: White=0.07 (flawless) /Black=0.32.  Mistake:       	---       	Black=3      Inaccurate:     	White=2     	Black=5      OK:         	White=14    	Black=9      Best:        	White=4     	Black=1      Strong:       	White=1     	---        Brilliant:      	White=1     	---       . Loss on time!?} 1-0

[Event "German Bundesliga 2023-24"]
[Site "Germany"]
[Date "2024.02.25"]
[Round "11.24"]
[White "Kozul, Zdenko"]
[Black "Wojtaszek, Radoslaw"]
[Result "0-1"]
[ECO "E11"]
[WhiteElo "2531"]
[BlackElo "2668"]
[Annotator "ChessBase"]
[PlyCount "52"]
[EventDate "2023.10.20"]
[EventType "team-tourn"]
[EventCountry "GER"]
[SourceTitle "playchess.com"]
[Source "ChessBase"]
[SourceQuality "1"]
[TimeControl "40/6000+30:3000+30"]

1. d4 Nf6 2. c4 e6 3. g3 Bb4+ 4. Bd2 a5 5. Bg2 d5 6. Nf3 O-O 7. O-O dxc4 8. a3 Be7 9. a4 c6 10. Na3 b5 11. axb5 Bxa3 12. bxa3 cxb5 13. Qb1 Qb6 14. e4 Bb7 15. Re1 Nbd7 16. Ra2 Rfc8 17. Rb2 Bxe4 18. Rxe4 Nxe4 19. Qxe4 Nf6 20. Qe1 Nd5 21. Ne5 Qxd4 22. Rxb5 c3 23. Bc1 c2 24. Bf3 Nc3 25. Rb7 Qd1 26. Qf1 Rab8 0-1

[Event "German Bundesliga 2023-24"]
[Site "Germany"]
[Date "2024.02.25"]
[Round "11.25"]
[White "Abasov, Nijat"]
[Black "Nakamura, Hikaru"]
[Result "0-1"]
[ECO "D30"]
[WhiteElo "2641"]
[BlackElo "2788"]
[Annotator "RC"]
[PlyCount "138"]
[EventDate "2023.10.20"]
[EventType "team-tourn"]
[EventCountry "GER"]
[SourceTitle "playchess.com"]
[Source "ChessBase"]
[SourceQuality "1"]
[TimeControl "40/6000+30:3000+30"]

1. d4 d5 2. c4 e6 3. Nf3 a6 4. Bg5 Be7 5. Bxe7 Qxe7 6. Nbd2 Nf6 7. g3 c5 8. dxc5 O-O 9. Bg2 d4 10. Nxd4 Rd8 11. N4b3 a5 12. a4 Nfd7 13. O-O Nxc5 14. Nxc5 Qxc5 15. Ne4 Qc7 16. Qc2 Na6 17. Rfd1 Bd7 18. Ng5 f5 19. e4 h6 20. Nf3 fxe4 21. Qxe4 Nc5 22. Qc2 Bc6 23. Re1 Bxf3 24. Bxf3 Rd4 25. Rad1 Rad8 26. Rxd4 Rxd4 27. Re3 Qd7 28. Bh5 Rd3 29. Qe2 b6 30. Bg6 Rxe3 31. Qxe3 Qd1+ 32. Kg2 Qg4 33. Bd3 Qd1 34. Be2 Qxa4 35. Qe5 Kh7 36. Qd6 Qb3 37. Qd2 e5 38. Bg4 Qxc4 39. Bf5+ g6 40. Bb1 Qd4 41. Qe2 e4 42. h4 h5 43. f3 e3 44. f4 Qd2 45. Kf3 Nb3 46. Qxe3 Nd4+ 47. Ke4 Qxb2 48. Kd5 Nf5 49. Bxf5 Qb5+ 50. Kd6 Qxf5 51. Qe7+ Kg8 52. Qe5 Qf8+ 53. Kc6 Qc5+ 54. Kd7 a4 55. g4 hxg4 56. h5 Qf8 57. hxg6 Qg7+ 58. Kd8 Qxg6 59. f5 Qg5+ 60. Ke8 g3 61. Qe6+ Kh7 62. f6 g2 63. f7 Qb5+ 64. Kd8 g1=Q 65. f8=Q Qd4+ 66. Kc7 Qbc5+ 67. Qxc5 Qxc5+ 68. Kb7 a3 69. Qf6 b5 0-1

[Event "German Bundesliga 2023-24"]
[Site "Germany"]
[Date "2024.02.25"]
[Round "11.26"]
[White "Abdusattorov, Nodirbek"]
[Black "Iturrizaga Bonelli, Eduardo"]
[Result "1-0"]
[ECO "B12"]
[WhiteElo "2716"]
[BlackElo "2600"]
[Annotator "TA"]
[PlyCount "103"]
[EventDate "2023.10.20"]
[EventType "team-tourn"]
[EventCountry "GER"]
[SourceTitle "playchess.com"]
[Source "ChessBase"]
[SourceQuality "1"]
[TimeControl "40/6000+30:3000+30"]

1. e4 c6 2. d4 d5 3. e5 Bf5 4. Nd2 e6 5. Nb3 Nd7 6. Nf3 Qc7 {[%emt 0:01:14] B12: Caro-Kann: Advance Variation.} 7. Be2 c5 8. dxc5 Bxc5 9. Nxc5 Qxc5 10. c3 Ne7 11. Qa4 $5 {[%emt 0:00:06][%mdl 4] Leaves trodden paths.} Qc7 12. Nd4 $5 $146 {[%emt 0:00:06][%mdl 8] An interesting novelty.} ({Predecessor:} 12. Bf4 O-O 13. Bg3 Be4 14. Nd2 Nc5 15. Qd1 Bxg2 16. Rg1 Be4 17. Kf1 Bf5 18. Nb3 {0-1 Naroditsky,D (2617)-Keymer,V (2698) Titled Tuesday intern op 29th Nov Late blitz 2022 (8)}) 12... O-O 13. f4 Be4 14. O-O Nf5 15. Nxf5 Bxf5 16. Be3 Nb6 17. Qb4 Nc4 18. Bd4 Rfc8 19. b3 a5 20. Qa4 $1 b5 21. Qxb5 Na3 22. Qa4 Nc2 23. Rac1 Qe7 24. Rfd1 h6 25. Bf3 Rab8 26. Be2 Kh7 27. Rf1 (27. Qxa5 $2 Ra8 28. Qb6 Rxa2 $17) 27... Nxd4 28. Qxd4 Qa3 29. Qd2 a4 30. Bd1 Rc7 31. h4 Be4 32. Re1 axb3 33. axb3 Kh8 (33... h5 $5) 34. c4 Bf5 35. Bf3 dxc4 (35... Rxb3 {keeps more tension.} 36. cxd5 Rd3 37. Qxd3 Qxd3 38. Rxc7 Qd4+) 36. bxc4 Rbc8 37. Qd4 (37. Be2 {is more complex.} Qg3 38. h5 Qh4 39. Rc3) 37... Qa4 38. Be2 Rd7 $1 39. Qe3 Bc2 40. Bf1 Rcd8 41. c5 $1 Rd4 (41... Rc7 $14 {was preferrable.}) 42. Qc3 $1 $16 Rd2 43. c6 ({Don't play} 43. Re2 $6 R8d3 (43... Qxf4 $2 44. g3 $18) 44. Qb2 Rxe2 (44... Rb3 45. Qa1 $11) 45. Bxe2 Rd2 $11) 43... Qxf4 44. Qe3 Qb4 45. Re2 $1 Rxe2 46. Bxe2 Be4 47. c7 Rc8 48. Bf1 $1 Bd5 {[%emt 0:02:44] [#]} 49. h5 ({White should try} 49. Rc2 $1 $16) 49... Qe7 ({Of course not} 49... Qg4 50. Qf2 Qg5 51. Rc2) (49... Qb7 $11 {remains equal.}) 50. Qc3 $16 Qg5 $2 {[%emt 0:00:11] [#]} (50... Bb7 $16) 51. Rc2 $1 $18 Be4 52. Rb2 1-0

[Event "German Bundesliga 2023-24"]
[Site "Germany"]
[Date "2024.02.25"]
[Round "11.27"]
[White "Oleksiyenko, Mykhaylo"]
[Black "Duda, Jan-Krzysztof"]
[Result "1/2-1/2"]
[ECO "C47"]
[WhiteElo "2567"]
[BlackElo "2726"]
[Annotator "TA"]
[PlyCount "103"]
[EventDate "2023.10.20"]
[EventType "team-tourn"]
[EventCountry "GER"]
[SourceTitle "playchess.com"]
[Source "ChessBase"]
[SourceQuality "1"]
[TimeControl "40/6000+30:3000+30"]

1. e4 e5 2. Nf3 Nc6 3. Nc3 Nf6 4. d4 exd4 5. Nxd4 Bb4 6. Nxc6 bxc6 7. Bd3 d5 8. Bd2 O-O 9. O-O Bxc3 {[%emt 0:00:24] C47: Scotch Four Knights and Four Knights with 4 g3.} 10. Bxc3 dxe4 11. Bxf6 Qxf6 12. Bxe4 Qxb2 13. Bxc6 Rb8 14. Rb1 Qxb1 15. Qxb1 Rxb1 16. Rxb1 Rd8 17. Bf3 Kf8 18. Rb8 Re8 19. h3 Bf5 20. Rb7 Be4 $146 ({Predecessor:} 20... c5 21. c3 Re1+ 22. Kh2 Rc1 23. Bd5 Be6 24. Bxe6 fxe6 25. Rxa7 Rxc3 26. Rc7 Rc2 27. Kg3 Rxa2 28. Rxc5 Kf7 29. f3 Kf6 30. h4 Rb2 31. Ra5 {½-½ Zawadzka,J (2428)-Harika,D (2511) FIDE Grand Swiss (Women) 2021 (7)}) 21. Rxa7 (21. Rxc7 $14 Bxf3 22. gxf3) 21... Bxf3 $11 22. gxf3 Re1+ 23. Kg2 Rc1 24. Rxc7 Ra1 25. f4 Rxa2 26. Kg3 Ra1 27. f5 Rg1+ 28. Kf4 Rf1 29. f3 Rh1 30. Kg3 Rg1+ 31. Kf2 Rh1 32. Kg2 Re1 33. Rc4 Rd1 34. f6 gxf6 35. Kf2 Rh1 36. h4 Ke7 37. Re4+ Kd6 38. Kg3 f5 39. Re8 h5 40. Rh8 f4+ 41. Kg2 Rc1 42. Rxh5 Rxc2+ 43. Kh3 Ke6 44. Kg4 Kf6 45. Rf5+ Kg6 46. h5+ Kg7 47. Kxf4 Rh2 48. Kg3 Rh1 49. Kg2 Rh4 50. f4 Kh6 51. Rxf7 Rxh5 52. Kg3 1/2-1/2

[Event "German Bundesliga 2023-24"]
[Site "Germany"]
[Date "2024.02.25"]
[Round "11.28"]
[White "Mamedyarov, Shakhriyar"]
[Black "Laurent-Paoli, Pierre"]
[Result "1-0"]
[ECO "A14"]
[WhiteElo "2734"]
[BlackElo "2540"]
[Annotator "TA"]
[PlyCount "113"]
[EventDate "2023.10.20"]
[EventType "team-tourn"]
[EventCountry "GER"]
[SourceTitle "playchess.com"]
[Source "ChessBase"]
[SourceQuality "1"]
[TimeControl "40/6000+30:3000+30"]

1. Nf3 d5 2. b3 Nf6 3. Bb2 e6 4. c4 b6 5. g3 Bb7 6. Bg2 Nbd7 7. O-O Be7 8. cxd5 exd5 9. Nd4 O-O 10. Nf5 Re8 11. Nxe7+ Qxe7 12. Nc3 {[%emt 0:00:40][%cal Bb1c3,Bc3d1,Bd1f2][%mdl 32] White is slightly better.} Rab8 13. d4 Ne4 14. Qc2 Ndf6 15. Rac1 c6 16. Nd1 Qe6 17. f3 Nd6 18. Re1 Rbd8 19. Nf2 h5 20. e4 dxe4 21. fxe4 Ng4 22. h3 Nxf2 23. Qxf2 f5 {[%emt 0:05:59] [#]} 24. d5 $1 cxd5 25. exd5 Qf7 26. Rxe8+ Nxe8 27. Qd2 $36 {[%emt 0:02:31][%mdl 2048] White has the initiative.} Rd7 28. Re1 Nd6 29. Rf1 Qg6 30. Qf4 Qf7 31. Qe5 {[%emt 0:02:15] Black must now prevent Ba3. White is more active.} Ba6 ({Black should play} 31... Qf6) 32. Rf4 $16 Bd3 33. g4 hxg4 34. hxg4 {[%emt 0:00:01] Ba3 would now be deadly.} Be4 35. Bxe4 Nxe4 36. Qb8+ (36. Qxf5 Qxf5 37. gxf5 (37. Rxf5 g6 $11) 37... Nd6 $14) (36. gxf5 $2 Re7 37. Rxe4 (37. Qd4 $2 Ng3 $19) 37... Rxe5 38. Rxe5 Qf8 $19) ({Better is} 36. Rxf5 $16 Nf6 37. Rg5 (37. Qb8+ Qe8 $14)) 36... Qf8 $14 ({But not} 36... Kh7 $2 37. Rxf5 (37. gxf5 Qe7 $11) 37... Qe7 38. Rh5+ Kg6 39. Qf4 $18) 37. Qxf8+ Kxf8 38. Rxf5+ {[%emt 0:00:04][%mdl 4096] Endgame. KRB-KRN} Kg8 39. Kg2 Nd6 ({Black should try} 39... g6 $1 $14 40. Re5 Nf6) 40. Re5 Nf7 41. Re8+ Kh7 42. Kf3 ({Much weaker is} 42. Rf8 Kg6 $11) 42... a5 {[%emt 0:00:00] Loses the game.} (42... Rxd5 $16 43. Re7 Kg6) 43. Rf8 $1 $18 Ng5+ {[%emt 0:00:00] [#]} 44. Ke3 $1 Rxd5 $2 (44... Re7+ 45. Kd3 Rd7) 45. Rf5 Rxf5 46. gxf5 {[%emt 0:00:00] KB-KN} g6 47. Kf4 Nh3+ 48. Ke5 gxf5 49. Kxf5 {[%emt 0:00:00] Bd4 would kill now.} b5 50. Bd4 {[%emt 0:00:00] White mates.} a4 51. b4 Kh6 52. Kg4 Kg6 53. Kxh3 Kf5 {[%emt 0:00:00] [#]} 54. Kg3 $1 Ke4 55. Bc5 a3 56. Kf2 Kd3 57. Kf3 {[%emt 0:00:00] Weighted Error Value: White=0.08 (flawless) /Black=0.33.  Mistake:       	White=1     	Black=4      Inaccurate:     	White=4     	Black=7      OK:         	White=17    	Black=14     Best:        	White=3     	Black=2      Strong:       	White=2     	---} 1-0

[Event "German Bundesliga 2023-24"]
[Site "Germany"]
[Date "2024.02.25"]
[Round "11.29"]
[White "Grigoriants, Sergey"]
[Black "Maghsoodloo, Parham"]
[Result "0-1"]
[ECO "A22"]
[WhiteElo "2543"]
[BlackElo "2707"]
[Annotator "TA"]
[PlyCount "78"]
[EventDate "2023.10.20"]
[EventType "team-tourn"]
[EventCountry "GER"]
[SourceTitle "playchess.com"]
[Source "ChessBase"]
[SourceQuality "1"]
[TimeControl "40/6000+30:3000+30"]

1. c4 e5 2. g3 Nf6 3. Bg2 d5 4. cxd5 Nxd5 5. Nc3 Nxc3 6. bxc3 Nc6 7. Qc2 Bd6 8. Nf3 O-O {[%emt 0:00:28] The position is equal.} 9. O-O h6 10. d4 Re8 11. Bb2 Qf6 12. e4 Bg4 13. dxe5 (13. Qd3 $11 {is superior.}) 13... Nxe5 $15 14. Nxe5 Qxe5 15. f4 (15. Rab1 $15) 15... Qh5 $17 16. Rae1 Rad8 {[%emt 0:00:26] Black is more active.} 17. e5 Bc5+ 18. Kh1 Bf5 19. Be4 Bxe4+ 20. Rxe4 Qg6 $36 {[%emt 0:01:10][%mdl 2048] Black is really pushing.} 21. Bc1 Qc6 {[%emt 0:04:54] [#] ...f5 would now be deadly.} 22. Qg2 Rd3 23. f5 Rxc3 {[%emt 0:03:05][%cal Oc5d6] Threatens to win with ...Bd6!} 24. e6 fxe6 25. f6 (25. Re2 $17 {is a better defense.}) 25... Rf8 $19 26. Bb2 Re3 27. Rxe3 {[%emt 0:00:18] [#]} Qxg2+ (27... Bxe3 28. Qxc6 bxc6 29. Re1 $16) 28. Kxg2 Bxe3 $17 {[%emt 0:00:05][%mdl 4096] Endgame. KRB-KRB} 29. Re1 Bc5 (29... Rd8 30. Kh3 Bd4 (30... Rd2 31. Bc1 $11) 31. Bxd4 Rxd4 32. Rxe6) 30. Rxe6 g6 31. Re5 b6 32. Rd5 (32. Re6 $142) 32... Bd6 33. g4 Re8 34. Kf3 {[%emt 0:00:07] Prevents Re2} Re1 ({Not} 34... Bxh2 35. Rd7 Re1 36. Rg7+ Kf8 37. Rxg6 $11) 35. h4 Rf1+ 36. Ke3 (36. Kg2 $142 Rf4 37. Rd4) 36... Kf7 $19 37. g5 hxg5 38. hxg5 Ke6 39. Rd3 Rg1 {[%emt 0:00:42] Weighted Error Value: White=0.23 (precise) /Black=0.09 (flawless) .  Mistake:       	White=6     	---        Inaccurate:     	White=1     	Black=2      OK:         	White=8     	Black=19     Best:        	White=2     	---} 0-1

[Event "German Bundesliga 2023-24"]
[Site "Germany"]
[Date "2024.02.25"]
[Round "11.30"]
[White "Anton Guijarro, David"]
[Black "Riehle, Marco"]
[Result "1/2-1/2"]
[ECO "A34"]
[WhiteElo "2653"]
[BlackElo "2368"]
[Annotator "ChessBase"]
[PlyCount "47"]
[EventDate "2023.10.20"]
[EventType "team-tourn"]
[EventCountry "GER"]
[SourceTitle "playchess.com"]
[Source "ChessBase"]
[SourceQuality "1"]
[TimeControl "40/6000+30:3000+30"]

1. c4 c5 2. Nf3 Nf6 3. Nc3 d5 4. cxd5 Nxd5 5. g3 Nc6 6. Bg2 Nc7 7. a3 e5 8. b4 f6 9. b5 Nd4 10. Rb1 Be7 11. e3 Nf5 12. O-O O-O 13. Qe2 b6 14. Rd1 Re8 15. d4 cxd4 16. exd4 exd4 17. Nxd4 Nxd4 18. Qc4+ Be6 19. Qa4 Bc5 20. Be3 Bg4 21. Qc4+ Be6 22. Qa4 Bg4 23. Qc4+ Be6 24. Qa4 1/2-1/2

[Event "German Bundesliga 2023-24"]
[Site "Germany"]
[Date "2024.02.25"]
[Round "11.31"]
[White "Georgiev, Kiril"]
[Black "Kryvoruchko, Yuriy"]
[Result "1/2-1/2"]
[ECO "B30"]
[WhiteElo "2548"]
[BlackElo "2656"]
[Annotator "TA"]
[PlyCount "83"]
[EventDate "2023.10.20"]
[EventType "team-tourn"]
[EventCountry "GER"]
[SourceTitle "playchess.com"]
[Source "ChessBase"]
[SourceQuality "1"]
[TimeControl "40/6000+30:3000+30"]

1. e4 c5 2. Nf3 Nc6 3. Bb5 e6 4. O-O Nge7 5. Re1 a6 6. Bf1 Ng6 7. c3 Be7 8. d4 cxd4 9. cxd4 d5 10. Nc3 dxe4 11. Rxe4 O-O 12. d5 Nb4 13. Rd4 {[%emt 0:06:21] Black must now prevent d6.} Nxd5 14. Nxd5 exd5 15. Rxd5 Qb6 16. b3 Be6 17. Be3 Qc7 18. Rc1 Qb8 19. Rd2 Ba3 20. Rcc2 Bf5 21. Bd3 Bxd3 22. Rxd3 Rd8 23. g3 Rxd3 24. Qxd3 Qe8 {[%emt 0:00:21] Prevents Qe4.} 25. Qd5 Rc8 26. Rxc8 Qxc8 27. Ng5 Qc7 {[%emt 0:02:12] [#]} 28. Bb6 $1 Qe7 (28... Qxb6 $2 {perishes.} 29. Qxf7+ Kh8 30. Ne6 $18) 29. Ne4 Nf8 30. Bc5 Bxc5 31. Nxc5 $11 {[%emt 0:00:09][%mdl 4096] Endgame. KQN-KQN} Qe1+ 32. Kg2 {[%emt 0:00:36] White is more active.} Qa5 $1 {[%emt 0:00:06] [#] The position is equal.} 33. b4 $1 Qxb4 34. Nxb7 Qa4 35. Nc5 (35. Nd6 $5 Qd7 $8 36. h4 $11) 35... Qb5 36. a4 Qb4 37. h4 (37. Nxa6 Qxa4 38. Nc7 h6) 37... h6 38. Qc6 Qc4 39. a5 h5 40. Qd6 Ne6 41. Nxe6 {[%emt 0:54:21] White wants to mate with Qf8+.} ({Don't play} 41. Qxa6 Qxc5 42. Qa8+ Kh7 43. Qe4+ g6 $17) 41... fxe6 42. Qd8+ {[%emt 0:00:00] Weighted Error Value: White=0.03 (flawless) /Black=0.02 (flawless) .  Inaccurate:     	White=1     	---        OK:         	White=11    	Black=22     Best:        	White=1     	---        Strong:       	---       	Black=1} 1/2-1/2

[Event "German Bundesliga 2023-24"]
[Site "Germany"]
[Date "2024.02.25"]
[Round "11.32"]
[White "Amin, Bassem"]
[Black "Lai, Hing Ting"]
[Result "1-0"]
[ECO "B12"]
[WhiteElo "2680"]
[BlackElo "2464"]
[Annotator "TA"]
[PlyCount "57"]
[EventDate "2023.10.20"]
[EventType "team-tourn"]
[EventCountry "GER"]
[SourceTitle "playchess.com"]
[Source "ChessBase"]
[SourceQuality "1"]
[TimeControl "40/6000+30:3000+30"]

1. e4 c6 2. d4 d5 3. e5 Bf5 4. h4 h5 5. Bd3 Bxd3 6. Qxd3 e6 7. Nf3 Qa5+ 8. Nbd2 Qa6 9. c4 Ne7 {[%emt 0:00:32] The position is equal.} 10. O-O Nf5 11. Rd1 Be7 12. g3 Nd7 13. Qc2 O-O 14. b3 Rfd8 15. a4 b6 16. Nf1 Qb7 17. cxd5 cxd5 18. Ne3 Nxe3 19. Bxe3 Rac8 20. Qe2 g6 21. Ng5 Kg7 22. g4 $40 {[%emt 0:01:51][%mdl 128] Black needs to defend precisely.} (22. Qf3 $16 Rf8 23. Rd3) 22... Rh8 $11 23. Rac1 Rcf8 {[%emt 0:01:36] [#]} (23... Rxc1 $1 $11 24. Rxc1 hxg4) 24. Rc3 $1 $16 {[%emt 0:00:44] White is much more active.} hxg4 25. Qxg4 Ba3 $2 {[%emt 0:12:10] Against Rdc1. A mistake that costs the game.} (25... Rc8 $16 26. Rxc8 Qxc8) 26. Bd2 Be7 27. Rdc1 {[%emt 0:07:41] White is clearly winning.} Rc8 {[%emt 0:00:35] [#] Wards off Rc7} (27... Bxg5 $142 28. Bxg5 Rc8) 28. Nxe6+ $1 $18 fxe6 {[%emt 0:01:31] [#]} 29. h5 $1 {[%emt 0:00:07] Weighted Error Value: White=0.15 (very precise) /Black=0.49.  Loses game:     	---       	Black=1      Mistake:       	White=1     	Black=2      Inaccurate:     	White=1     	Black=4      OK:         	White=5     	Black=4      Best:        	---       	Black=1      Brilliant:      	White=1     	---} ({Not} 29. Qxe6 Bxh4 30. Rc6 (30. Rxc8 Rxc8 31. Rxc8 Qxc8 $11) 30... Rxc6 31. Rxc6 Nf8 32. Qxd5 Qf7 33. Qxf7+ Kxf7 $11) 1-0

[Event "German Bundesliga 2023-24"]
[Site "Germany"]
[Date "2024.02.25"]
[Round "11.33"]
[White "Gledura, Benjamin"]
[Black "Navara, David"]
[Result "1/2-1/2"]
[ECO "C50"]
[WhiteElo "2633"]
[BlackElo "2679"]
[Annotator "TA"]
[PlyCount "41"]
[EventDate "2023.10.20"]
[EventType "team-tourn"]
[EventCountry "GER"]
[SourceTitle "playchess.com"]
[Source "ChessBase"]
[SourceQuality "1"]
[TimeControl "40/6000+30:3000+30"]

1. e4 e5 2. Nf3 Nc6 3. Bc4 Bc5 4. d3 Nf6 5. a4 h6 6. O-O d6 7. a5 a6 8. c3 O-O 9. Be3 Bxe3 10. fxe3 Be6 11. Bxe6 fxe6 12. Nbd2 d5 13. Qb3 Rb8 14. d4 Kh8 15. Qc2 Qd6 16. b4 exd4 17. exd4 {[%emt 0:00:20] [#] Hoping for e5.} e5 18. exd5 Qxd5 19. dxe5 Nxe5 20. Nxe5 Qxe5 21. Rae1 {[%emt 0:00:19] A rather calm draw.   Weighted Error Value: White=0.07 (flawless) /Black=0.07 (flawless) .  Inaccurate:     	White=1     	Black=1      OK:         	White=7     	Black=2      Best:        	---       	Black=1} 1/2-1/2

[Event "German Bundesliga 2023-24"]
[Site "Germany"]
[Date "2024.02.25"]
[Round "11.34"]
[White "Fridman, Daniel"]
[Black "Pavlidis, Antonios"]
[Result "1/2-1/2"]
[ECO "A49"]
[WhiteElo "2588"]
[BlackElo "2566"]
[Annotator "TA"]
[PlyCount "120"]
[EventDate "2023.10.20"]
[EventType "team-tourn"]
[EventCountry "GER"]
[SourceTitle "playchess.com"]
[Source "ChessBase"]
[SourceQuality "1"]
[TimeControl "40/6000+30:3000+30"]

1. Nf3 Nf6 2. g3 g6 3. Bg2 Bg7 4. d4 O-O 5. O-O d6 6. b3 e5 7. dxe5 dxe5 8. Ba3 Qxd1 {[%emt 0:01:52] 8...e4 might become the main line. A49: 1 d4 Nf6 2 Nf3 g6 3 g3: Anti-King's Indian systems.} 9. Rxd1 Re8 10. c4 Nc6 11. Nc3 e4 12. Ne1 e3 13. f3 Bf5 14. g4 Be6 15. Rac1 $146 ({Predecessor:} 15. Bb2 h5 16. h3 Nd7 17. Nc2 f5 18. Nxe3 Bd4 19. Rxd4 Nxd4 20. gxf5 Bxf5 21. Nxf5 Nxe2+ {1-0 Sargissian,G (2672)-Hansen,T (2408) London Classic op 2017 (5)}) 15... Rad8 16. Rxd8 Rxd8 17. Bc5 Nd4 18. Nc2 Nxc2 19. Rxc2 Rd2 20. Rxd2 (20. Rc1 $1 $11) 20... exd2 $15 21. Nd1 a5 (21... b5 $1 $15 22. g5 (22. Bxa7 $2 bxc4 23. bxc4 Bxc4 $19) (22. cxb5 $2 Nd5 $19) 22... Nd7 23. Bxa7 bxc4 24. bxc4 Bxc4) 22. Be3 $14 a4 23. Bxd2 (23. bxa4 Bxc4 24. Bxd2 Bxe2 $11) 23... axb3 24. axb3 Nd7 25. Bc3 Bh6 26. Bd4 c5 (26... Bf8 $1 $14) 27. Be3 $16 Bg7 {[%emt 0:00:20] [#]} 28. Nf2 $1 b5 29. cxb5 Bxb3 30. f4 Ba4 31. b6 Nxb6 32. Bxc5 Nd7 33. Ba7 Bb3 34. Bc6 Nf6 35. e4 Be6 36. h3 Bd7 37. Bb7 Ne8 38. Bc5 Nc7 39. e5 Ne6 40. Be3 g5 41. f5 ({Don't play} 41. fxg5 Bxe5 42. Ne4 Kg7 $14) 41... Nd8 42. Bd5 Bxe5 43. Bxg5 Nc6 44. Nd3 ({White should try} 44. Kg2) 44... Bc3 45. Kg2 Nb4 46. Nxb4 Bxb4 47. Bh6 Bc3 48. Kf3 Bg7 49. Bg5 h5 50. f6 ({Not} 50. gxh5 Bxf5 51. Kg3 Be5+ 52. Bf4 Bc3 $17 (52... Bxf4+ 53. Kxf4 Bxh3 54. h6 $11)) 50... hxg4+ 51. hxg4 Bf8 52. Bf4 Ba4 53. Be4 Bb4 54. Bh6 (54. g5 $16) 54... Bd1+ $14 55. Kg3 Be1+ 56. Kh3 Be2 (56... Bb3 $14) 57. Bf5 ({Better is} 57. Bf4 $16) 57... Bf1+ $11 58. Kh2 Be2 (58... Bc3 $11) 59. Kg2 (59. Bf4 $16) 59... Bh4 60. g5 Bh5 1/2-1/2